 Dungeon Crawl Stone Soup version 0.21.1-1-g345015fe64 (webtiles) character file.

121 Htamos the Chopper (level 5, -2/41 HPs)
             Began as a Formicid Fighter on July 8, 2018.
             Slain by a gnoll
             ... wielding a +0 halberd
              (11 damage)
             ... on level 3 of the Dungeon.
             The game lasted 00:04:29 (2040 turns).

Htamos the Chopper (Formicid Fighter)               Turns: 2040, Time: 00:04:29

Health: -2/41      AC: 10    Str: 22    XL:     5   Next: 26%
Magic:  5/5        EV:  6    Int:  7    God:
Gold:   99         SH: 11    Dex: 10    Spells: 4/4 levels left

rFire    . . .     SeeInvis +   a - +0 war axe
rCold    . . .     Gourm    .   b - +2 shield
rNeg     . . .     Faith    .   g - +0 chain mail
rPois    .         Spirit   .   (helmet unavailable)
rElec    .         Reflect  .   (no cloak)
rCorr    .         Harm     .   p - +0 pair of gloves
MR       .....                  (no boots)
Stlth    ..........             (no amulet)
HPRegen  0.13/turn              (no ring)
MPRegen  0.09/turn              (no ring)

@: no status effects
A: permanent stasis, dig shafts and tunnels, four strong arms, antennae 3
a: Dig, Shaft Self


You were on level 3 of the Dungeon.
You were very hungry.

You visited 1 branch of the dungeon, and saw 4 of its levels.

You collected 99 gold pieces.

Inventory:

Hand Weapons
 a - a +0 war axe (weapon)
Missiles
 k - 63 stones (quivered)
Armour
 b - a +2 shield (worn)
 c - a +0 shield
 g - a +0 chain mail (worn)
 p - a +0 pair of gloves (worn)
Jewellery
 j - an uncursed ring of wizardry {unknown}
 r - an uncursed ring of wizardry {unknown}
Scrolls
 h - a scroll of fog {unknown}
 i - a scroll of fear {unknown}
 l - a scroll of noise {unknown}
 n - a scroll of identify {unknown}
 o - a scroll of remove curse {unknown}
 q - a scroll of teleportation {unknown}
Potions
 d - a potion of might
 e - a potion of flight {unknown}
 m - a potion of resistance {unknown}
Comestibles
 f - 4 rations


   Skills:
 - Level 3.2 Fighting
 * Level 5.0 Axes
 - Level 3.2 Armour
 - Level 3.6 Shields


You had 4 spell levels left.
You didn't know any spells.

Dungeon Overview and Level Annotations

Branches:
Dungeon (4/15)
 Temple: D:4-7

Altars:


Innate Abilities, Weirdness & Mutations

You cannot be hasted, slowed, berserked, paralysed or teleported.
You can dig through walls and to a lower floor.
Your four strong arms can wield two-handed weapons with a shield.
You have a pair of large antennae on your head. (SInv)


Message History

You kill the gnoll!
Your Axes skill increases to level 5!
The gnoll hits you with a halberd!
You hit the gnoll but do no damage. The gnoll hits you with a halberd.
You slash the gnoll!
The gnoll is severely wounded.
The gnoll hits you with a halberd.
* * * LOW HITPOINT WARNING * * *
The gnoll closely misses you.
You closely miss the gnoll.
The gnoll is severely wounded.
The gnoll hits you but does no damage.
Your shield prevents you from hitting the gnoll.
The gnoll is severely wounded.
You block the gnoll's attack.
You are feeling very hungry.
You barely miss the gnoll.
The gnoll is severely wounded.
The gnoll hits you with a halberd!
You die...

#############
#...........#
#...........#
#.........).#
######.........g@#
....##...........#
....'............#
....#####'########
....# #.# ..(.#
#.# ##############
....# #.#
#.....[......#
....# #.#
#.#########.##
....# #.# #.#..#
#>#


You could see a gnoll.

Vanquished Creatures
  3 adders
  2 gnolls
  An ooze (D:1)
  A worm (D:2)
  2 dart slugs
  7 giant cockroaches
  13 goblins
  6 hobgoblins
  3 kobolds
  4 ball pythons
  5 bats
  2 frilled lizards (D:3)
  16 rats
65 creatures vanquished.

Notes
Turn   | Place    | Note
-------+----------+-------------------------------------------
     0 | D:1      | Htamos the Formicid Fighter began the quest for the Orb.
     0 | D:1      | Reached XP level 1. HP: 18/18 MP: 1/1
   187 | D:1      | Reached XP level 2. HP: 16/24 MP: 2/2
   261 | D:1      | Reached skill level 3 in Axes
   286 | D:1      | Reached XP level 3. HP: 23/29 MP: 3/3
   779 | D:2      | Reached skill level 4 in Axes
   779 | D:2      | Reached XP level 4. HP: 27/35 MP: 4/4
  1134 | D:2      | Found a faded altar of an unknown god.
  1756 | D:3      | Reached XP level 5. HP: 41/41 MP: 5/5
  2035 | D:3      | Reached skill level 5 in Axes
  2040 | D:3      | Slain by a gnoll

Skill      XL: |  1  2  3  4  5 |
---------------+----------------+-----
Axes           | 3 4 5 |  5.0
Fighting       | |  3.2
Armour         | |  3.2
Shields        | |  3.6

Action                   |  1- 3 |  4- 6 || total
-------------------------+-------+-------++-------
Melee: War axe           |    67 |   129 ||   196
  Eat: Chunk             |       |     3 ||     3
Armor: Scale mail        |    23 |    18 ||    41
       Chain mail        |       |    36 ||    36
Dodge: Dodged            |    23 |    31 ||    54
Block: Shield            |    34 |    71 ||   105
